 Dungeon Crawl Stone Soup version 0.16-a0-3913-g9d9d7ce (console) character file.

120939 Monkaria the Executioner (level 16, -9/228 HPs)
             Began as a Hill Orc Fighter on Feb 4, 2015.
             Was the Champion of Makhleb.
             Mangled by a shock serpent (12 damage)
             ... on level 1 of the Snake Pit.
             The game lasted 02:08:02 (34395 turns).

Monkaria the Executioner (Hill Orc Fighter)        Turns: 34395, Time: 02:08:02

Health: -9/228     AC: 28    Str: 29 (30) XL:     16   Next: 83%
Magic:  33/33      EV:  2    Int:  7 (8)  God:    Makhleb [******]
Gold:   2667       SH:  0    Dex: 11      Spells: 0 memorised, 15 levels left

rFire  . . .     SeeInvis .     S - +3 executioner's axe (elec)
rCold  . . .     Clarity  .     o - melded +1 plate armour {rF+}
rNeg   + + +     SustAb   +     (no shield)
rPois  +         Gourm    .     H - melded +2 helmet {rC+}
rElec  .         Spirit   .     N - melded +0 cloak
rCorr  .         Warding  .     n - melded +0 pair of gloves of Pneudasch {Dex+3}
rMut   .         NoTele   +     (boots currently unavailable)
MR     +....                    (no amulet)
Stlth  +.........               b - ring of sustain abilities
                                e - ring of poison resistance

@: mighty, tree-form, heavily drained, somewhat resistant to hostile
enchantments, very unstealthy
A: (talons 0), (slimy green scales 0), deterioration 2, robust 1
a: Minor Destruction, Lesser Servant of Makhleb, Major Destruction, Greater
Servant of Makhleb, Renounce Religion


You were on level 1 of the Snake Pit.
You worshipped Makhleb.
Makhleb was exalted by your worship.
You were very hungry.
You were a tree.
You visited 5 branches of the dungeon, and saw 29 of its levels.
You also visited: Labyrinth, Ice Cave and Volcano.

You collected 3475 gold pieces.
You spent 808 gold pieces at shops.

Inventory:

Hand weapons
 g - a +2 battleaxe of draining
 j - a +3 battleaxe of flaming
 S - a +3 executioner's axe of electrocution (weapon)
Missiles
 q - 2 throwing nets (quivered)
 P - 62 poisoned needles
Armour
 n - the +0 pair of gloves of Pneudasch (melded) {Dex+3}
   (You bought it in a shop on level 8 of the Dungeon)

   It affects your dexterity (+3).
 o - a +1 plate armour of fire resistance (melded)
 H - a +2 helmet of cold resistance (melded)
 N - a +0 cloak (melded)
Rods
 a - a +8 rod of ignition (11/11)
   (You took it off a minotaur in a labyrinth)
 k - a +3 iron rod (11/11)
   (You found it in a labyrinth)
Jewellery
 b - a ring of sustain abilities (right branch)
 e - a ring of poison resistance (left branch)
 L - the ring "Thoogodgh" {+cTele +Inv Str+5}
   (You bought it in a shop on level 7 of the Dungeon)

   [ring of teleport control]

   It can be evoked for teleport control.
   It affects your strength (+5).
   It lets you turn invisible.
 X - a +4 ring of strength
Magical devices
 m - a wand of teleportation (3)
 r - a wand of fireball (5)
 C - a wand of disintegration (15)
 Q - a wand of confusion (5)
Scrolls
 f - 2 scrolls of identify
 l - 7 scrolls of teleportation
 u - a scroll of fear
 v - a scroll of amnesia
 E - 5 scrolls of remove curse
 J - 3 scrolls of fog
 U - 2 scrolls of blinking
Potions
 i - 6 potions of haste
 p - 4 potions of curing
 s - a potion of agility
 x - a potion of restore abilities
 A - a potion of invisibility
 B - a potion of resistance
 I - 4 potions of berserk rage
Miscellaneous
 h - a plain deck of wonders {Dowsing}
 t - a plain deck of changes {Wild Magic}
 w - a lantern of shadows
 F - a fan of gales
Comestibles
 d - 14 meat rations


   Skills:
 - Level 12.0(10.0) Fighting
 - Level 24.0(21.5) Axes
 + Level 12.2(10.2) Armour
   Level 3.2(1.7) Shields
 - Level 15.0(12.9) Invocations
 - Level 11.3(9.3) Evocations


You had 15 spell levels left.
You didn't know any spells.

Dungeon Overview and Level Annotations

Branches:
Dungeon (15/15) Temple (1/1) D:5 Lair (8/8) D:11 Shoals (0/5) Lair:3 Snake (1/5) Lair:6 Slime (0/6) Lair:6 Orc (4/4) D:9 Elf (0/3) Orc:4 Vaults (0/5) D:12 D:13 Depths (0/5) D:15

Altars:
Ashenzari
Cheibriados
Dithmenos
Elyvilon
Fedhas
Gozag
Kikubaaqudgha
Makhleb
Nemelex Xobeh
Okawaru
Qazlal
Ru
Sif Muna
Trog
Vehumet
Xom
Yredelemnul
Zin
The Shining One
Beogh

Shops:
D:7 ![(*%   D:8 (%*   D:12 [}}=}   D:13 [   Orc:4 *=}*

Annotations:
Lair:6 exclusion: 4 oklob plants


Innate Abilities, Weirdness & Mutations

((You have razor-sharp toenails.))
((You are partially covered in slimy green scales (AC +2).))
Your body is deteriorating.
You are robust (+10% HP).


Message History

Unknown command.
You barely miss the shock serpent.
The shock serpent is moderately wounded.
The shock serpent bites you but does no damage. x2
You barely miss the shock serpent.
The shock serpent is moderately wounded.
The shock serpent bites you but does no damage.
You closely miss the shock serpent.
The shock serpent is moderately wounded.
The shock serpent bites you but does no damage.
The shock serpent bites you!
* * * LOW HITPOINT WARNING * * *
The shock serpent shocks you!
* * * LOW HITPOINT WARNING * * *
You barely miss the shock serpent.
The shock serpent is moderately wounded.
The shock serpent bites you.
* * * LOW HITPOINT WARNING * * *
The shock serpent shocks you!
You die...

.≈≈≈≈.#.......#.#....#.#
.≈≈≈≈.#.#.###.#.#.#[.#.#
........#.# #.#.#....#.#
≈≈≈≈≈.#.#.# #.#.#.####.#
≈≈≈≈≈.#.#.# #.#.#....#.#
≈≈≈≈≈.#...###.#.#.##.#.#
≈≈≈≈≈.....#.÷.#.#.##.#.#
≈≈≈;;;###.#.....S......#
≈≈;............†♣.##.####
≈≈≈.≈≈................#.#
≈≈≈.≈≈...........###....#
≈≈≈[≈≈...........# #..#.#
.............##..####.#.#
≈≈≈.≈≈.......##.........#
≈≈≈.≈≈#########.#########
≈≈.....................
###########.########


You could see a shock serpent.

Vanquished Creatures
  Donald (D:12)
  3 ettins (D:15)
  2 fire dragons (D:15)
  A minotaur (Lab)
  2 yaktaur captains (D:15)
  A great orb of eyes (D:15)
  Fannar (Orc:4)
  Harold (Lair:6)
  8 hydras
  A ghost crab (shapeshifter) (D:15)
  An anaconda (Snake:1)
  6 centaur warriors (D:15)
  2 tengu warriors (D:15)
  A death yak (Lair:8)
  The ghost of Borgoz the Slicer, an experienced HaAs of Dithmenos (D:8)
  A deep elf knight (D:15)
  Erolcha (D:10)
  2 skeletal warriors
  A catoblepas (D:13)
  2 ice devils (D:14)
  4 unseen horrors
  A sea snake (Snake:1)
  An ice statue (IceCv)
  An oklob plant (Lair:2)
  8 hill giants
  4 lindwurms (Lair:7)
  A wizard (D:15)
  6 orc knights
  A necromancer (IceCv)
  14 orc sorcerers
  5 manticores
  6 ugly things
  A salamander (Snake:1)
  4 griffons
  A sixfirhy (D:15)
  A siren (Lair:3)
  3 molten gargoyles (Volcano)
  2 gargoyles (D:15)
  3 centaur zombies
  9 elephants
  9 cyclopes
  12 black mambas
  Psyche (D:13)
  2 kobold demonologists
  A yaktaur (D:15)
  11 spiny frogs
  2 fire drakes
  2 deep elf priests (D:15)
  9 komodo dragons
  2 efreet
  5 trolls
  11 freezing wraiths
  A polar bear (Lair:8)
  2 boulder beetles (D:15)
  The ghost of DEFE the Slasher, an average HEFi of Okawaru (D:5)
  The ghost of Eptagon the Insei, an average OpMo (D:4)
  7 basilisks
  A spriggan (shapeshifter) (D:15)
  13 slime creatures
  5 blink frogs
  A wolf spider simulacrum (IceCv)
  2 trapdoor spiders (D:15)
  A wraith (D:15)
  4 fire elementals
  A ynoxinul (D:15)
  17 humans
  2 deep elf magi
  2 fire bats (Volcano)
  A shadow (D:12)
  2 wyverns
  40 yaks
  2 deep elf fighters
  A hog (D:9)
  7 wolves (Lair:8)
  A naga (Snake:1)
  Edmund (D:4)
  14 hippogriffs
  3 mottled dragons
  18 water moccasins
  9 wargs
  A mottled dragon (shapeshifter) (D:14)
  5 sky beasts
  2 necrophages
  7 ogres
  12 ice beasts
  14 orc warriors
  9 orc zombies (Orc:4)
  3 black bears
  An eye of draining (D:11)
  8 centaurs
  2 phantoms
  13 porcupines
  A wasp (D:15)
  2 boring beetles
  The ghost of Eptagon the Insei, an average OpMo (D:3)
  18 crocodiles
  2 big kobolds
  22 giant frogs
  A gnoll sergeant (D:10)
  A brain worm (D:12)
  Blork the orc (D:4)
  An earth elemental (Volcano)
  4 warg zombies (Orc:4)
  2 wyvern skeletons
  10 killer bees (D:10)
  3 scorpions
  A swamp dragon simulacrum (IceCv)
  11 wights
  2 goliath beetles
  6 hounds
  11 electric eels
  11 crimson imps
  A draconian simulacrum (IceCv)
  2 giant frog zombies
  An iron imp (D:15)
  4 lava snakes (Volcano)
  2 quasits
  7 jellies
  20 orc priests
  2 centaur skeletons
  2 giant frog skeletons
  13 worker ants
  46 orc wizards
  12 iguanas
  2 polar bear simulacra (IceCv)
  A centaur simulacrum (IceCv)
  3 spriggan simulacra (IceCv)
  17 sheep
  4 troll simulacra (IceCv)
  A hound zombie (D:7)
  2 mummies
  13 gnolls
  61 river rats
  26 adders
  4 naga simulacra (IceCv)
  5 ogre simulacra (IceCv)
  6 shadow imps
  12 white imps (IceCv)
  6 worms
  An adder skeleton (D:9)
  An adder zombie (D:8)
  2 giant geckos
  2 oozes (D:1)
  177 orcs
  4 ball pythons
  2 bat skeletons
  2 bat zombies (D:6)
  4 giant cockroaches
  19 goblins
  15 hobgoblins
  14 quokkas
  17 bats
  4 giant newts
  2 giant spores
  2 jackals (D:4)
  A jackal zombie (D:5)
  23 kobolds
  An orc skeleton (Orc:4)
  A quokka skeleton (D:6)
  16 rats
  10 ballistomycetes
  14 fungi
  4 plants
1143 creatures vanquished.

Vanquished Creatures (collateral kills)
  A dire elephant (Lair:8)
  A hydra (Lair:2)
  A deep troll shaman (Lair:8)
  9 death yaks
  A catoblepas (Lair:8)
  11 elephants
  A spiny frog (Lair:7)
  4 wolves (Lair:8)
  A crocodile (Lair:8)
  A hound (Lair:7)
  A sheep (Lair:7)
  An adder (Lair:8)
  A fungus (Lair:8)
34 creatures vanquished.

Vanquished Creatures (others)
  A storm dragon (D:15)
  A balrug (Lair:7)
  A cacodemon (Lair:8)
  A green death (Lair:8)
  An unseen horror (D:15)
  2 orc wizards
  2 troll simulacra (IceCv)
  3 orc zombies (Orc:4)
  An orc (D:8)
  2 giant spores (D:15)
  2 fungi
  4 plants (Lair:7)
21 creatures vanquished.

Grand Total: 1198 creatures vanquished

Notes
Turn   | Place    | Note
--------------------------------------------------------------
     0 | D:1      | Monkaria, the Hill Orc Fighter, began the quest for the Orb.
     0 | D:1      | Reached XP level 1. HP: 19/19 MP: 1/1
   298 | D:1      | Reached XP level 2. HP: 27/27 MP: 2/2
   562 | D:1      | Reached skill level 4 in Fighting
   871 | D:2      | Reached XP level 3. HP: 31/33 MP: 3/3
  1340 | D:2      | Reached skill level 5 in Axes
  1340 | D:2      | Reached XP level 4. HP: 29/40 MP: 4/4
  1767 | D:3      | Reached skill level 6 in Axes
  1819 | D:3      | Reached XP level 5. HP: 46/46 MP: 5/5
  1889 | D:3      | Found a glowing golden altar of the Shining One.
  1985 | D:3      | Noticed Eptagon's ghost (average OpMo)
  1993 | D:3      | Killed Eptagon's ghost
  1993 | D:3      | Reached skill level 7 in Axes
  2165 | D:4      | Noticed Edmund
  2183 | D:4      | Noticed Eptagon's ghost (average OpMo)
  2184 | D:4      | Killed Edmund
  2184 | D:4      | Reached skill level 8 in Axes
  2184 | D:4      | Reached XP level 6. HP: 12/52 MP: 6/6
  2435 | D:4      | Killed Eptagon's ghost
  2435 | D:4      | Reached skill level 9 in Axes
  2435 | D:4      | Reached XP level 7. HP: 30/59 MP: 7/7
  2480 | D:4      | Found an iron altar of Okawaru.
  2493 | D:4      | Reached skill level 10 in Axes
  3220 | D:5      | Entered Level 5 of the Dungeon
  3230 | D:5      | Found a staircase to the Ecumenical Temple.
  3235 | D:5      | Noticed Blork the orc
  3268 | D:4      | Killed Blork the orc
  3268 | D:4      | Reached skill level 11 in Axes
  3501 | Temple   | Entered the Ecumenical Temple
  3717 | D:5      | Reached XP level 8. HP: 63/66 MP: 8/8
  4056 | D:5      | Noticed DEFE's ghost (average HEFi)
  4080 | D:5      | Killed DEFE's ghost
  4080 | D:5      | Reached skill level 5 in Armour
  5945 | D:6      | Reached skill level 5 in Fighting
  5945 | D:6      | Reached XP level 9. HP: 57/74 MP: 9/9
  5968 | D:6      | Found a burning altar of Makhleb.
  5989 | D:6      | Became a worshipper of Makhleb the Destroyer
  6434 | D:7      | Found Ylilist's Weapon Shop.
  6517 | D:7      | Found Tweddaugu's Assorted Antiques.
  6521 | D:7      | Bought an ancient marble ring for 150 gold pieces
  6521 | D:7      | Bought a scroll labeled ZONWOFERAK for 30 gold pieces
  6521 | D:7      | Bought a viscous brown potion for 27 gold pieces
  6529 | D:7      | Identified the ring "Thoogodgh" {+cTele +Inv Str+5} (You bought it in a shop on level 7 of the Dungeon)
  6881 | D:6      | Acquired Makhleb's first power
  6975 | D:7      | Gained mutation: You are weak. (Str -2) [potion of mutation]
  6975 | D:7      | Gained mutation: You are partially covered in slimy green scales (AC +2). [potion of mutation]
  6975 | D:7      | Gained mutation: You have very sharp teeth. [potion of mutation]
  6986 | D:7      | Found Klair's Food Boutique.
  7260 | D:7      | Found a stormy altar of Qazlal.
  7262 | D:7      | Found Woasasaz's Armour Boutique.
  7308 | D:7      | Reached skill level 1 in Invocations
  7501 | D:7      | Found Regerchae's Distillery.
  7512 | D:7      | Bought a potion of mutation for 32 gold pieces
  7513 | D:7      | Gained mutation: Your body is slowly deteriorating. [potion of mutation]
  7513 | D:7      | Gained mutation: Your magical capacity is low (-10% MP). [potion of mutation]
  7513 | D:7      | Gained mutation: You have sharp toenails. [potion of mutation]
  7877 | D:8      | Noticed Borgoz's ghost (experienced HaAs)
  8098 | D:8      | Killed Borgoz's ghost
  8166 | D:8      | Reached XP level 10. HP: 65/88 MP: 18/18
  8183 | D:8      | Found a radiant altar of Vehumet.
  8230 | D:8      | Acquired Makhleb's second power
  8797 | D:8      | Found Twofrabby's Food Shop.
  8869 | D:8      | Found Taatirir's Antique Weapon Shoppe.
  8968 | D:8      | Found Ungaiwke's Assorted Antiques.
  8977 | D:8      | Bought a scroll of identify for 56 gold pieces
  8977 | D:8      | Bought a scroll labeled PSUTAGALLU for 28 gold pieces
  9113 | D:9      | Reached skill level 10 in Invocations
  9124 | D:9      | Found a sacrificial altar of Ru.
  9219 | D:9      | Acquired Makhleb's third power
  9245 | D:9      | Found a staircase to the Orcish Mines.
  9477 | D:9      | You fall through a shaft for 2 floors!
  9510 | D:11     | Found a staircase to the Lair.
  9511 | D:11     | Identified the Compendium of Bewitchment
  9514 | D:11     | Got a scorched silver ring
  9516 | D:11     | Identified the ring of the Magpie {+Inv rF+} (You found it on level 11 of the Dungeon)
  9577 | D:11     | Noticed a hill giant
  9589 | D:11     | Killed a hill giant
  9589 | D:11     | Reached skill level 12 in Invocations
  9612 | D:11     | Acquired Makhleb's fourth power
  9717 | D:11     | Noticed a hill giant
  9733 | D:11     | Killed a hill giant
  9733 | D:11     | Reached skill level 13 in Invocations
  9997 | D:11     | Reached XP level 11. HP: 73/94 MP: 24/24
 10105 | D:11     | Got a creamy pearl robe
 10343 | Lair:1   | Entered Level 1 of the Lair of Beasts
 10360 | Lair:1   | Reached skill level 14 in Invocations
 10404 | Lair:1   | Identified the cursed +0 robe of Lauciel {rC+} (You took it off an orc on level 11 of the Dungeon)
 10408 | Lair:1   | Identified 2 scrolls of acquirement
 10687 | Lair:1   | Reached skill level 15 in Invocations
 10730 | Lair:1   | Acquired Makhleb's fifth power
 11252 | D:10     | Entered Level 10 of the Dungeon
 11775 | D:10     | Noticed Erolcha
 11796 | D:10     | Killed Erolcha
 12994 | D:8      | Bought a pair of heavily runed gloves for 266 gold pieces
 12994 | D:8      | Bought a potion of curing for 84 gold pieces
 13006 | D:8      | Identified the +0 pair of gloves of Pneudasch {Dex+3} (You bought it in a shop on level 8 of the Dungeon)
 13119 | Lair:2   | Found a labyrinth entrance.
 13136 | Lab      | Entered a labyrinth
 13335 | Lab      | Noticed a minotaur
 13343 | Lab      | Killed a minotaur
 13654 | Lair:2   | Identified a +8 rod of ignition (11/11) (You took it off a minotaur in a labyrinth)
 14174 | Lair:2   | Reached XP level 12. HP: 54/101 MP: 26/26
 14176 | Lair:2   | Got a crude leather armour
 14198 | Lair:2   | Identified the +3 leather armour of Yxetwach {rC- Str+6 Int+7} (You found it on level 2 of the Lair of Beasts)
 14352 | Lair:2   | Reached skill level 15 in Axes
 14390 | Lair:2   | Noticed a seven-headed hydra
 14395 | Lair:2   | Killed a seven-headed hydra
 14696 | Lair:3   | Found a staircase to the Shoals.
 14844 | Lair:3   | Reached skill level 16 in Axes
 15526 | Lair:3   | Reached skill level 17 in Axes
 16580 | Lair:5   | Reached skill level 10 in Armour
 16689 | Lair:5   | Found a radiant altar of Vehumet.
 16855 | Lair:5   | Noticed a seven-headed hydra
 16859 | Lair:5   | Reached XP level 13. HP: 108/108 MP: 27/27
 16862 | Lair:5   | Killed a seven-headed hydra
 17012 | Lair:5   | Noticed a seven-headed hydra
 17020 | Lair:5   | Killed an eight-headed hydra
 17098 | Lair:5   | Reached skill level 10 in Fighting
 17839 | Lair:6   | Noticed a balrug
 18428 | Lair:6   | Reached skill level 5 in Evocations
 18647 | Lair:6   | Found a staircase to the Slime Pits.
 19051 | Lair:6   | Noticed Harold
 19078 | Lair:6   | Killed Harold
 19158 | Lair:6   | Found a staircase to the Snake Pit.
 20131 | Lair:7   | Reached skill level 10 in Evocations
 20676 | Lair:7   | Reached XP level 14. HP: 121/121 MP: 27/27
 21011 | Lair:8   | Entered Level 8 of the Lair of Beasts
 21579 | Lair:8   | Reached skill level 18 in Axes
 22526 | D:12     | Found Wixzun's Gadget Boutique.
 22559 | D:12     | Reached skill level 19 in Axes
 22629 | D:12     | Got a faintly glowing jade ring
 22631 | D:12     | Identified the ring "Renyco" {+Fly rN+ Str+4 Dex-4 SInv} (You found it on level 12 of the Dungeon)
 22650 | D:12     | Found Skeffur's Armour Emporium.
 22809 | D:12     | Found Ghik's Gadget Shop.
 22854 | D:12     | Found Tratt's Jewellery Emporium.
 23088 | D:12     | Found Dudeujod's Gadget Emporium.
 23688 | D:13     | Found a gate to the Vaults.
 23688 | D:13     | Noticed Donald
 23954 | D:12     | Killed Donald
 24049 | D:13     | Reached skill level 20 in Axes
 24161 | D:13     | Noticed Psyche
 24166 | D:13     | Killed Psyche
 24360 | D:13     | Found Wypaosm's Armour Boutique.
 24645 | D:13     | Reached XP level 15. HP: 128/128 MP: 28/28
 25437 | D:14     | Found a frozen archway.
 25452 | IceCv    | Entered an ice cave
 25910 | IceCv    | Found an ancient bone altar of Kikubaaqudgha.
 26981 | D:14     | Found a blossoming altar of Fedhas.
 27225 | D:15     | Entered Level 15 of the Dungeon
 27252 | D:15     | Reached skill level 21 in Axes
 27459 | D:15     | HP: 2/132 [centaur warrior/arrow (13)]
 27919 | D:15     | Found a glowing golden altar of the Shining One.
 27920 | D:15     | Found a bloodstained altar of Trog.
 27920 | D:15     | Found a burning altar of Makhleb.
 28313 | D:15     | Reached skill level 22 in Axes
 28999 | D:15     | Got a bronze chain mail
 29040 | D:15     | Reached XP level 16. HP: 35/139 MP: 29/29
 29221 | D:15     | Noticed a storm dragon
 29503 | D:14     | Identified the cursed -8 chain mail of the Special Gods {Int+3} (You found it on level 15 of the Dungeon)
 29629 | D:15     | Reached skill level 23 in Axes
 29654 | D:15     | Gained mutation: Your spells are a little harder to cast, but a little more powerful. [mutagenic meat]
 29754 | D:15     | Gained mutation: Your mind is acute. (Int +2) [mutagenic meat]
 29791 | D:15     | Gained mutation: You are very weak. (Str -4) [mutagenic meat]
 29792 | D:15     | Lost mutation: Your mind is acute. (Int +2) [mutagenic meat]
 29910 | D:15     | Gained mutation: Your body is deteriorating. [mutagenic meat]
 29912 | D:15     | Gained mutation: You expend magic power (3 MP) to slightly strengthen your wands. [mutagenic meat]
 29970 | D:15     | Killed a storm dragon
 30355 | D:15     | Lost mutation: Your spells are a little harder to cast, but a little more powerful. [mutagenic meat]
 30356 | D:15     | Gained mutation: You have razor-sharp toenails. [mutagenic meat]
 30357 | D:15     | Lost mutation: Your magical capacity is low (-10% MP). [mutagenic meat]
 30380 | D:15     | Found a staircase to the Depths.
 30633 | Lair:1   | Lost mutation: You are very weak. (Str -4) [potion of cure mutation]
 30633 | Lair:1   | Lost mutation: You are weak. (Str -2) [potion of cure mutation]
 30633 | Lair:1   | Lost mutation: You have very sharp teeth. [potion of cure mutation]
 30633 | Lair:1   | Lost mutation: You expend magic power (3 MP) to slightly strengthen your wands. [potion of cure mutation]
 30804 | Orc:1    | Entered Level 1 of the Orcish Mines
 30902 | Orc:1    | Found a dark tunnel.
 30995 | Volcano  | Entered a volcano
 31137 | Volcano  | Found a burning altar of Makhleb.
 31165 | Volcano  | Reached skill level 24 in Axes
 32179 | Orc:3    | Found a shimmering altar of Xom.
 32462 | Orc:4    | Entered Level 4 of the Orcish Mines
 32657 | Orc:4    | Noticed Fannar
 32686 | Orc:4    | Killed Fannar
 32704 | Orc:4    | Found Caham's Gadget Shop.
 32704 | Orc:4    | Found Shiabac's Assorted Antiques.
 32765 | Orc:4    | Bought a scroll of blinking for 135 gold pieces
 32883 | Orc:4    | Found a staircase to the Elven Halls.
 33009 | Orc:4    | Paralysed by an orc sorcerer for 5 turns
 33040 | Orc:4    | Found a roughly hewn altar of Beogh.
 33206 | Orc:4    | Paralysed by an orc sorcerer for 5 turns
 33221 | Orc:4    | Paralysed by an orc sorcerer for 6 turns
 33234 | Orc:4    | Found Oxziheol's Assorted Antiques.
 33234 | Orc:4    | Found Iqaloag's Jewellery Shoppe.
 33392 | Orc:4    | Found a deep blue altar of Sif Muna.
 33787 | Snake:1  | Entered Level 1 of the Snake Pit
 33891 | Snake:1  | Gained mutation: You are robust (+10% HP). [potion of mutation]
 34394 | Snake:1  | HP: 7/228 [shock serpent (10)]
 34395 | Snake:1  | HP: 3/228 [shock serpent (4)]
 34395 | Snake:1  | Mangled by a shock serpent

Action                   |  1- 3 |  4- 6 |  7- 9 | 10-12 | 13-15 | 16-18 || total
-------------------------+-------+-------+-------+-------+-------+-------++-------
Melee: War axe           |   139 |   102 |   612 |   343 |       |       ||  1196
       Battleaxe         |       |       |       |   544 |   633 |       ||  1177
       Executioner's axe |       |       |       |       |   308 |   565 ||   873
       Scimitar          |       |       |       |       |       |     6 ||     6
Invok: Greater Servant o |       |       |       |     1 |     9 |       ||    10
       Minor Destruction |       |       |       |       |    80 |    22 ||   102
       Major Destruction |       |       |       |       |     6 |       ||     6
 Abil: Evoke Invisibilit |       |       |       |       |     2 |       ||     2
Evoke: Wand              |       |       |     1 |     6 |     1 |       ||     8
       Rod               |       |       |       |     4 |     4 |       ||     8
  Use: Potion            |       |       |     4 |     4 |     8 |     4 ||    20
       Scroll            |       |       |     8 |    22 |    16 |     3 ||    49
  Eat: Chunk             |     2 |     3 |    19 |    26 |    38 |    29 ||   117
       Fruit             |       |       |       |     5 |     1 |       ||     6
       Meat ration       |       |       |       |     2 |     1 |       ||     3
       Bread ration      |       |       |       |       |     1 |       ||     1
       Beef jerky        |       |       |       |       |     1 |       ||     1
